 Dungeon Crawl Stone Soup version 0.17.1-3-g152610e (webtiles) character file.

69 ololoev the Chopper (level 4, 0/39 HPs)
             Began as a Hill Orc Fighter on Mar 18, 2016.
             Succumbed to a worker ant's poison
             ... on level 4 of the Dungeon.
             The game lasted 00:02:38 (386 turns).

ololoev the Chopper (Hill Orc Fighter)               Turns: 386, Time: 00:02:38

Health: 0/39       AC:  8    Str: 19    XL:     4   Next: 20%
Magic:  4/4        EV:  9    Int:  8    God:
Gold:   28         SH:  0    Dex: 10    Spells: 0 memorised, 3 levels left

rFire  . . .     SeeInvis .     a - +0 war axe
rCold  . . .     Clarity  .     b - +0 scale mail
rNeg   . . .     SustAt   .     (no shield)
rPois  .         Gourm    .     (no helmet)
rElec  .         Spirit   .     (no cloak)
rCorr  .         Warding  .     f - +0 pair of gloves
rMut   .         Stasis   .     (no boots)
MR     .....                    (no amulet)
Stlth  ..........               (no ring)
                                (no ring)

@: lethally poisoned (0 -> -2), very slightly contaminated, not resistant to
hostile enchantments, extremely unstealthy
A: no striking features
a: no special abilities

Inventory:

Hand Weapons
 a - a +0 war axe (weapon)
Armour
 b - a +0 scale mail (worn)
 f - a +0 pair of gloves (worn)
Scrolls
 c - a scroll of random uselessness {unknown}
 h - 2 scrolls of identify
 i - a scroll of recharging {unknown}
Comestibles
 e - 2 bread rations
 j - a royal jelly


   Skills:
 - Level 3.6 Fighting
 * Level 5.0 Axes
 + Level 4.1 Armour
   Level 3.2 Shields


You had 3 spell levels left.
You didn't know any spells.


You were on level 4 of the Dungeon.
You were not hungry.

You visited 1 branch of the dungeon, and saw 4 of its levels.

You collected 28 gold pieces.

############
#..........##
######.##........#
#......#......ยง...
#@######..#####...
#.# #... #.# #...
#.# #... ... ##.#
... .###... ###
#.)..... ....#...
........#

Notes
Turn   | Place    | Note
--------------------------------------------------------------
     0 | D:1      | ololoev the Hill Orc Fighter began the quest for the Orb.
     0 | D:1      | Reached XP level 1. HP: 19/19 MP: 1/1
    69 | D:1      | Found a snail-covered altar of Cheibriados.
   126 | D:2      | Reached XP level 2. HP: 26/26 MP: 2/2
   205 | D:2      | Reached skill level 4 in Axes
   205 | D:2      | Reached XP level 3. HP: 31/31 MP: 3/3
   215 | D:2      | Found a basalt altar of Yredelemnul.
   215 | D:2      | Found a shadowy altar of Dithmenos.
   311 | D:3      | Reached XP level 4. HP: 30/39 MP: 4/4
   363 | D:4      | Reached skill level 5 in Axes
   378 | D:4      | HP: 1/39 [poisoned by a worker ant]
   386 | D:4      | Succumbed to a worker ant's poison

Dungeon Overview and Level Annotations

Branches:
Dungeon (4/15)
 Temple: D:4-7

Altars:
Cheibriados
Dithmenos
Yredelemnul


Message History

You aren't carrying any potions.
Your scale mail prevents you from hitting the worker ant.
The worker ant is heavily wounded.
The worker ant bites you but does no damage.
The worker ant bites you.
You are lethally poisoned!
The worker ant poisons you!
You barely miss the worker ant.
The worker ant is heavily wounded.
You feel sick. The worker ant misses you.
You hit the worker ant.
The worker ant is heavily wounded.
You feel sick.
The worker ant bites you but does no damage.
The worker ant barely misses you.
Read which item? (? for menu, Esc to quit)
As you read the scroll labeled NELEICLULE, it crumbles to dust.
It is a scroll of identify.
Identify which item? (\ to view known items) (? for menu, Esc to quit)
d - a scroll of fear You feel sick.
The worker ant misses you.
Read which item? (? for menu, Esc to quit)
As you read the scroll of fear, it crumbles to dust.
You assume a fearsome visage.
The worker ant looks frightened!
Unknown command.
You feel sick.
Found a dagger.
Things that are here:
a scale mail; a war axe; a scale mail You feel sick.
You feel sick.
You feel sick.
Read which item? (? for menu, Esc to quit)
Blink to where?
Press: ? - help, Dir - move target cursor You are very lightly contaminated with residual magic.
As you read the scroll labeled TUOSHI XATHRUMP, it crumbles to dust.
It was a scroll of blinking.
You feel sick.
You die...

There were no monsters in sight!

Vanquished Creatures
  An adder (D:2)
  3 gnolls (D:2)
  An ooze (D:2)
  A giant gecko (D:2)
  4 orcs (D:4)
  A giant cockroach (D:2)
  5 goblins
  3 jackals (D:3)
  A quokka (D:2)
  2 bats (D:2)
  2 rats
24 creatures vanquished.

Action                   |  1- 3 |  4- 6 || total
-------------------------+-------+-------++-------
Melee: War axe           |    53 |    22 ||    75
  Use: Potion            |     1 |       ||     1
       Scroll            |       |     3 ||     3

Vault maps used:
D:1:      minmay_arrival_five_plusses, cheibriados_altar_1
D:2:      grunt_temple_overflow_open, first_bread
D:3:      uniq_sigmund, uniq_jessica, uniq_iyjb, uniq_crazy_yiuf_cottage
D:4:      kennysheep_mini_moat, kennysheep_little_box, uniq_pikel
